 Dungeon Crawl Stone Soup version 0.24.0-29-g8ce449bc06 (webtiles) character file.

Game seed: 6691418315977481097, levelgen mode: deterministic

53 Descartes the Scratcher (level 3, 0/15 HPs)
             Began as a Felid Transmuter on Nov 16, 2019.
             Slain by a worker ant (5 damage)
             ... on level 2 of the Dungeon.
             The game lasted 00:02:16 (1677 turns).

Descartes the Scratcher (Felid Transmuter)          Turns: 1677, Time: 00:02:17

Health: 0/15       AC:  1    Str:  7    XL:     3   Next: 62%
Magic:  7/7        EV: 19    Int: 14    God:
Gold:   131        SH:  0    Dex: 16    Spells: 5/6 levels left
                                        Lives:  0   Deaths: 0

rFire    . . .     SeeInvis +     - Unarmed
rCold    . . .     Gourm    .   (shield unavailable)
rNeg     . . .     Faith    .   (armour unavailable)
rPois    .         Spirit   .   (helmet unavailable)
rElec    .         Reflect  .   (cloak unavailable)
rCorr    .         Harm     .   (gloves unavailable)
MR       .....                  (boots unavailable)
Stlth    +++.......             (no amulet)
HPRegen  0.05/turn              (no ring)
MPRegen  0.10/turn              (no ring)

@: quick
A: very small, no armour, no weapons or thrown items, stealth, claws 1, fangs 3,
see invisible, carnivore, speed 1, shaggy fur 1, slow metabolism 1, sharp paws
a: no special abilities


You were on level 2 of the Dungeon.
You were completely stuffed.

You visited 1 branch of the dungeon, and saw 2 of its levels.

You collected 131 gold pieces.

Inventory:

Missiles
 a - 26 arrows
 d - 46 stones
Scrolls
 b - 2 scrolls of fear {unknown}
 f - a scroll of remove curse {unknown}
 h - 2 scrolls of enchant armour {unknown}
 l - a scroll of immolation {unknown}
 m - a scroll of magic mapping {unknown}
 n - a scroll of identify {unknown}
Potions
 e - a potion of curing {unknown}
 g - a potion of flight {unknown}
 i - a potion of cancellation {unknown}
 k - a potion of lignification {unknown}
Comestibles
 c - 6 rations
 j - a chunk of flesh


   Skills:
 - Level 1.0 Fighting
 + Level 3.5 Dodging
 + Level 2.2 Stealth
 * Level 3.9 Unarmed Combat
 - Level 2.0 Spellcasting
 - Level 2.1 Transmutations


You had 5 spell levels left.
You knew the following spells:

 Your Spells              Type           Power        Failure   Level  Hunger
a - Beastly Appendage     Tmut           #.....       10%         1    ##.....

Your spell library contained the following spells:

 Spells                   Type           Power        Failure   Level  Hunger
 Sticks to Snakes         Tmut           #.......     14%         2    ###....
 Spider Form              Tmut/Pois      #.........   41%         3    ####...
 Ice Form                 Ice/Tmut       #.......     83%         4    #####..
 Blade Hands              Tmut           #.........   95%         5    ######.


Dungeon Overview and Level Annotations

Branches:
Dungeon (2/15)

Altars:
Trog


Innate Abilities, Weirdness & Mutations

You cannot wear armour.
You are incapable of wielding weapons or throwing items.
Your paws allow you to move quietly. (Stealth)
You have sharp claws.
You have razor-sharp teeth.
You have supernaturally acute eyesight. (SInv)
You are carnivorous and can eat meat at any time.
You cover ground quickly.
You are covered in fur. (AC +1)
You have a slow metabolism.
Your sharp claws are effective at attacking unaware monsters.


Message History

The worker ant is heavily wounded.
The worker ant closely misses you.
You scratch the worker ant.
The worker ant is severely wounded.
The worker ant barely misses you.
You scratch the worker ant.
The worker ant is almost dead.
The worker ant closely misses you. The worker ant bites you.
You scratch the worker ant but do no damage.
The worker ant is almost dead.
The worker ant misses you.
You scratch the worker ant but do no damage.
Your bite misses the worker ant.
The worker ant is almost dead.
The worker ant bites you.
You are too injured to fight recklessly!
You scratch the worker ant but do no damage.
The worker ant is almost dead.
The worker ant bites you.
You die...

#############
#............
#.#####..####
#.#..........
#######.#.###.###'#
#.@...........# #.# #
#a#.###.#.###.###.#
#...#...#.......+.._.
#.#####.######..#####
#...#...# #..# ### #
#.#.### ##.#####
#...# #...... ##.####
##.....# #.##.##
##.......


You could see a worker ant.

Vanquished Creatures
  An adder (D:2)
  An ooze (D:2)
  2 dart slugs
  6 bats
  2 giant cockroaches (D:1)
  7 goblins (D:1)
  4 hobgoblins
  A quokka (D:2)
  7 frilled lizards
  2 kobolds (D:2)
  2 rats
35 creatures vanquished.

Notes
Turn   | Place    | Note
-------+----------+-------------------------------------------
     0 | D:1      | Descartes the Felid Transmuter began the quest for the Orb.
     0 | D:1      | Reached XP level 1. HP: 9/9 MP: 4/4
   287 | D:1      | Reached skill level 1 in Stealth
   291 | D:1      | Reached XP level 2. HP: 10/12 MP: 6/6
   840 | D:2      | Reached XP level 3. HP: 9/15 MP: 7/7
  1176 | D:2      | Found a bloodstained altar of Trog.
  1677 | D:2      | Slain by a worker ant

Levels and vault maps discovered:
D:1:      minmay_arrival_three_doors, layout_rooms
D:2:      layout_loops_corners, lemuel_doored_altar, first_ration

Skill      XL: |  1  2  3 |
---------------+----------+-----
Dodging        | 3 |  3.5
Stealth        | 1 2 |  2.2
Fighting       | |  1.0
Unarmed Combat | |  3.9
Spellcasting   | |  2.0
Transmutations | |  2.1

Action                   || total
-------------------------++-------
Melee: Unarmed           ||   101
       Bite              ||     4
 Stab: Sleeping          ||     7
  Eat: Chunk             ||     9
Armor: Skin              ||     6
Dodge: Dodged            ||    76
